 Dungeon Crawl Stone Soup version 0.28.0-53-g5a82cb258f (webtiles) character file.

Game seed: 6908891132607520754

1913 DocClef the Basher (level 8, -3/66 HPs)
             Began as a Minotaur Monk on July 4, 2022.
             Was a Believer of Okawaru.
             Slain by Harold
             ... wielding a +0 dire flail
              (17 damage)
             ... on level 7 of the Dungeon.
             The game lasted 00:06:53 (7695 turns).

DocClef the Basher (Minotaur Monk)                  Turns: 7695, Time: 00:06:54

Health: -3/66      AC:  9    Str: 19    XL:     8   Next: 95%
Magic:  7/7        EV:  8    Int:  7    God:    Okawaru [**....]
Gold:   328        SH:  0    Dex: 12    Spells: 7/7 levels left

rFire   + . .      SeeInvis .   A - +0 flail (vorpal)
rCold   . . .      Faith    .   (no shield)
rNeg    . . .      Spirit   .   E - +1 chain mail {rF+}
rPois   .          Reflect  .   (helmet restricted)
rElec   .          Harm     .   z - scarf {shadows}
rCorr   .          Rampage  .   (no gloves)
Will    ++...                   (no boots)
Stlth   ..........              B - amulet of magic regeneration
HPRegen 0.21/turn               h - ring of willpower
MPRegen 0.50/turn               s - ring of willpower

@: marked, hasted, very quick
A: horns 2, retaliatory headbutt
a: Renounce Religion, Heroism


You were on level 7 of the Dungeon.
You worshipped Okawaru.
Okawaru was pleased with you.
You visited 2 branches of the dungeon, and saw 8 of its levels.

You collected 328 gold pieces.

Inventory:

Hand Weapons
 a - a +0 mace
 A - a +0 vorpal flail (weapon)
Armour
 z - a scarf of shadows (worn)
 E - a +1 chain mail of fire resistance (worn)
Jewellery
 h - a ring of willpower (left hand)
 s - a ring of willpower (right hand)
 B - an amulet of magic regeneration (around neck)
Wands
 v - a wand of iceblast (7)
Scrolls
 c - 2 scrolls of amnesia {unknown}
 d - 5 scrolls of identify {unknown}
 e - 6 scrolls of fog {unknown}
 f - 2 scrolls of blinking {unknown}
 k - a scroll of vulnerability {unknown}
 l - a scroll of teleportation {unknown}
 m - 2 scrolls of summoning {unknown}
 r - 3 scrolls of noise {unknown}
 t - a scroll of silence {unknown}
 u - a scroll of magic mapping {unknown}
 x - a scroll of immolation {unknown}
 y - 2 scrolls of enchant armour {unknown}
 D - a scroll of holy word {unknown}
Potions
 g - a potion of might
 i - a potion of brilliance {unknown}
 j - a potion of flight {unknown}
 n - a potion of invisibility {unknown}
 p - a potion of lignification {unknown}
 q - a potion of haste
 w - a potion of berserk rage {unknown}
 C - a potion of resistance {unknown}


   Skills:
 + Level 4.2 Fighting
 - Level 14.0 Maces & Flails
 - Level 3.2 Dodging
 - Level 1.5 Stealth


You had 7 spell levels left.
You didn't know any spells.
Your spell library contained the following spells:

 Spells                   Type           Power      Damage    Failure   Level
 Static Discharge         Conj/Air       0%         N/A       100%        2
 Gell's Gravitas          Tloc           0%         N/A       100%        3
 Lesser Beckoning         Tloc           0%         N/A       100%        3
 Teleport Other           Tloc           0%         N/A       100%        3
 Anguish                  Hex/Necr       0%         N/A       100%        4
 Dispel Undead            Necr           0%         3d6       100%        4
 Sticky Flame             Conj/Fire      0%         2d3       100%        4
 Enfeeble                 Hex            0%         N/A       100%        7
 Tukima's Dance           Hex            Unusable   N/A       N/A         3

Dungeon Overview and Level Annotations

Branches:
Dungeon (7/15)             Temple (1/1) D:6

Altars:
Ashenzari
Cheibriados
Dithmenos
Elyvilon
Fedhas
Gozag
Hepliaklqana
Kikubaaqudgha
Makhleb
Nemelex Xobeh
Okawaru
Qazlal
Ru
Trog
Uskayaw
Vehumet
Wu Jian
Xom
Yredelemnul
Zin
The Shining One

Shops:
D:1 !

Annotations:
D:4 2 runed translucent doors, GilGalad's ghost, novice DENe
D:7 Harold


Innate Abilities, Weirdness & Mutations

You have a pair of horns on your head.
You reflexively headbutt those who attack you in melee.


Message History

You shred the net and break free!
Harold throws a throwing net.
The throwing net hits you.
You become entangled in the net!
You see here a throwing net.
You are held in a net!
You are held in a net!
You are held in a net!
You are held in a net!
You struggle against the net.
You struggle against the net.
Harold hits you but does no damage.
You struggle against the net.
Harold hits you with a +0 dire flail.
You rip the net and break free!
You feel like a meek peon again. Harold hits you with a +0 dire flail!!
You barely miss Harold. Your headbutt misses Harold.
Harold hits you with a +0 dire flail!
You hit Harold but do no damage. You headbutt Harold.
Harold is lightly wounded.
You sock Harold!
Harold is moderately wounded.
Harold hits you with a +0 dire flail!
* * * LOW HITPOINT WARNING * * *
You sock Harold! You headbutt Harold, but do no damage.
Harold is moderately wounded.
Harold hits you with a +0 dire flail.
* * * LOW HITPOINT WARNING * * *
You thump Harold! You headbutt Harold!
Harold is heavily wounded.
Harold drinks a potion.
Harold is healed!
You feel yourself speed up. Harold closely misses you. You furiously retaliate!
You headbutt Harold. You hit Harold.
Harold is heavily wounded.
You sock Harold!
Harold is severely wounded.
You hit Harold. Your headbutt misses Harold.
Harold is almost dead.
Harold says, "Let's make it quick, okay?
I've got mouths to feed."
Harold hits you with a +0 dire flail!
You die...

..##..#(.# ## ... ........
. .....#.###.#.... .
..#.#........# .# .
...#....$...######.#.. #
#.#####.............
.###.#))..$...........#
.....).......[[.<...#...#
.....####..@@.<[))..# .#
##......).......#[#.###.##
#.............##:#.......
.. ..........#.....#######
# .........##...#.#
.........##...#.#
................o
.##....... #........


You could see Harold.

Vanquished Creatures
  Sigmund (D:3)
  A water moccasin (D:6)
  An orc warrior (D:6)
  A sky beast (D:7)
  A necrophage (D:5)
  An ogre (D:5)
  A bullfrog (D:5)
  2 scorpions
  3 killer bees (D:7)
  5 wights (D:6)
  2 bullfrog zombies (D:6)
  A centaur zombie (D:5)
  A jelly (D:4)
  6 orc priests
  4 hounds
  Jessica (D:3)
  An iguana (D:5)
  3 orc wizards
  A scorpion zombie (D:5)
  Natasha (thrice) (D:2)
  A howler monkey skeleton (D:6)
  5 adders
  An ufetubus (D:5)
  An adder skeleton (D:4)
  2 worms
  A dart slug (D:2)
  18 orcs
  4 ball pythons
  6 endoplasms
  4 giant cockroaches
  4 goblins
  5 hobgoblins
  4 jackals (D:4)
  6 kobolds
  2 quokkas (D:4)
  3 bats
  2 frilled lizards (D:3)
  2 rats
111 creatures vanquished.

Notes
Turn   | Place    | Note
-------+----------+-------------------------------------------
     0 | D:1      | DocClef the Minotaur Monk began the quest for the Orb.
     0 | D:1      | Reached XP level 1. HP: 19/19 MP: 0/0
     3 | D:1      | Found Gischyis's Distillery.
   133 | D:1      | Reached skill level 4 in Maces & Flails
   717 | D:1      | Reached XP level 2. HP: 26/26 MP: 1/1
   852 | D:2      | Noticed Natasha
   863 | D:2      | Killed Natasha
   864 | D:2      | Reached skill level 5 in Maces & Flails
   864 | D:2      | Reached XP level 3. HP: 13/31 MP: 2/2
  1068 | D:2      | Found a glowing silver altar of Zin.
  1130 | D:2      | Noticed Natasha
  1137 | D:2      | Killed Natasha
  1583 | D:2      | Reached skill level 6 in Maces & Flails
  1583 | D:2      | Reached XP level 4. HP: 38/39 MP: 3/3
  1793 | D:2      | Noticed Natasha
  1799 | D:2      | Killed Natasha
  1884 | D:3      | Noticed Jessica
  1887 | D:3      | Killed Jessica
  2030 | D:3      | Reached skill level 7 in Maces & Flails
  2030 | D:3      | Reached XP level 5. HP: 44/45 MP: 4/4
  2168 | D:3      | You fall into a shaft and drop 2 floors!
  2168 | D:5      | Entered Level 5 of the Dungeon
  2580 | D:5      | Reached skill level 8 in Maces & Flails
  2580 | D:5      | Reached XP level 6. HP: 37/51 MP: 5/5
  3178 | D:5      | Reached skill level 9 in Maces & Flails
  3518 | D:5      | Reached XP level 7. HP: 41/57 MP: 6/6
  3718 | D:4      | Reached skill level 10 in Maces & Flails
  4195 | D:3      | Found a faded altar of an unknown god.
  4263 | D:3      | Noticed Sigmund
  4270 | D:3      | Killed Sigmund
  4619 | D:4      | Found a large runed translucent door.
  4619 | D:4      | Found a large runed translucent door.
  4621 | D:4      | Noticed GilGalad's ghost (novice DENe)
  4761 | D:4      | Reached skill level 11 in Maces & Flails
  5219 | D:6      | Found a staircase to the Ecumenical Temple.
  5331 | Temple   | Entered the Ecumenical Temple
  5661 | Temple   | Became a worshipper of Warmaster Okawaru
  5661 | Temple   | Reached * piety under Okawaru
  5661 | Temple   | Reached ** piety under Okawaru
  5712 | D:6      | Reached XP level 8. HP: 25/64 MP: 7/7
  5976 | D:6      | Identified the +3 leather armour of the Valley {Fly rPois
                  | Will- Dex-4}
  6036 | D:6      | Reached skill level 12 in Maces & Flails
  6962 | D:7      | Reached skill level 13 in Maces & Flails
  7516 | D:7      | Reached skill level 14 in Maces & Flails
  7676 | D:7      | Noticed Harold
  7695 | D:7      | Slain by Harold

Illustrated notes

Levels and vault maps discovered:
D:1:      lightli_arrival_chessboard, layout_loops_cross, serial_shops, shop,
          amethyst_killhole
D:2:      layout_loops_ring, basic_altar, uniq_natasha
D:3:      layout_loops_cross, nicolae_ecumenical_lake_church,
          hangedman_decor_growths, uniq_jessica, uniq_sigmund
D:4:      layout_cave_pools, ebering_ghost_disaster_area
D:5:      layout_loops_corners, st_stairs_11
D:6:      layout_basic, minmay_temple_entry_mist
D:7:      layout_rooms, uniq_harold
Temple:   mainiacjoe_temple_circle_huts

Skill      XL: |  1  2  3  4  5  6  7  8 |
---------------+-------------------------+-----
Maces & Flails | 4 5 6 7 8 9 11 14 | 14.0
Fighting       | 4 |  4.2
Dodging        | |  3.2
Stealth        | |  1.5

Action                   |  1- 3 |  4- 6 |  7- 9 || total
-------------------------+-------+-------+-------++-------
Melee: Mace              |    35 |    86 |    96 ||   217
       Headbutt          |     3 |    11 |    32 ||    46
       Flail             |       |       |   128 ||   128
Invok: Heroism           |       |       |     2 ||     2
  Use: Potion            |       |       |     2 ||     2
 Stab: Sleeping          |     4 |       |       ||     4
Armor: Robe              |     6 |       |       ||     6
       Chain mail        |       |    35 |    91 ||   126
Dodge: Dodged            |    16 |    43 |    86 ||   145
